AoeStats
← PlaceboJesse

Black Forest

506479751Analyzed
3v3 RM · 19d ago on Sep 13, 2026· 51m 6s· 6 players
Game mode
Random Map
Map size
Normal (6 player)
Population
200
Speed
Normal
Resources
Standard
Victory
Conquest
Starting age
Dark Age
Ending age
Imperial Age
RankedLock teamsTeams togetherTeam positionsShared explorationLock speedFull tech treeHidden civsTurbo modeCheats
Victory
Defeat
🇫🇷 Lithuanians · France
1059
+15
🇫🇷 Bohemians · France
1054
+15
🇫🇷 Khmer · France
963
+20
🇩🇪 Italians · Germany
1049
-17
🇩🇪 Ethiopians · Germany
1049
-17
🇩🇪 Teutons · Germany
1024
-16
magician.woodchuck
0:45 Loom
12:53 Feudal Age
19:10 Castle Age
18:00 Horse Collar
18:27 Double-Bit Axe
26:41 Wheelbarrow
26:33 Heavy Plow
26:28 Town Watch
33:01 Imperial Age
31:25 Fortified Wall
32:21 Masonry
32:31 Forging
32:59 Caravan
33:15 Scale Barding Armor
35:38 Iron Casting
37:15 Pikeman
39:50 Chemistry
38:31 Cavalier
39:53 Elite Ballista Elephant
41:14 Hand Cart
40:30 Light Cavalry
41:21 Bloodlines
41:11 Husbandry
42:23 Murder Holes
43:18 Husbandry
42:38 Hussar
44:08 Double Crossbow
44:47 Halberdier
50:03 Blast Furnace
49:04 Scale Mail Armor
49:36 Town Patrol
Iris Kingdom
1:05 Loom
12:34 Feudal Age
17:04 Castle Age
15:07 Double-Bit Axe
15:04 Horse Collar
15:35 Fishing Lines
17:05 Wheelbarrow
31:46 Imperial Age
31:39 Chemistry
32:05 Coinage
33:46 Scale Mail Armor
34:17 Fortified Wall
36:57 Conscription
37:51 Hand Cart
37:22 Town Watch
37:38 Heavy Plow
37:49 Bow Saw
38:31 Siege Engineers
41:14 Banking
40:55 Heavy Scorpion
44:45 Pikeman
45:26 Squires
45:11 Arson
45:44 Chain Mail Armor
45:39 Forging
45:45 Halberdier
47:44 Plate Mail Armor
51:01 Iron Casting
Arsace
0:28 Loom
13:45 Feudal Age
14:17 Horse Collar
20:20 Castle Age
18:47 Stone Mining
18:50 Double-Bit Axe
20:51 Bloodlines
21:13 Husbandry
22:07 Forging
22:53 Scale Barding Armor
25:45 Bow Saw
25:37 Gold Mining
29:42 Masonry
30:05 Fletching
34:58 Ballistics
38:04 Fortified Wall
37:38 Treadmill Crane
42:04 Imperial Age
41:44 Chain Barding Armor
41:27 Town Watch
42:09 Elite Leitis
43:10 Conscription
43:28 Plate Barding Armor
43:29 Iron Casting
45:59 Caravan
47:01 Hoardings
47:21 Wheelbarrow
47:03 Bodkin Arrow
48:43 Coinage
49:26 Banking
PlaceboJesse
0:26 Loom
11:28 Feudal Age
12:38 Horse Collar
12:47 Double-Bit Axe
19:21 Castle Age
20:27 Bow Saw
26:46 Heavy Plow
32:09 Imperial Age
30:15 Wheelbarrow
31:23 Forging
31:18 Scale Barding Armor
32:19 Hand Cart
33:48 Iron Casting
33:34 Chain Barding Armor
35:39 Blast Furnace
34:04 Cavalier
34:55 Bloodlines
41:41 Plate Barding Armor
41:44 Paladin
47:09 Conscription
47:53 Man-at-Arms
48:21 Gambesons
50:05 Caravan
49:32 Long Swordsman
50:13 Squires
Kauly | TTV
0:30 Loom
16:18 Feudal Age
17:19 Double-Bit Axe
19:57 Castle Age
24:10 Imperial Age
21:23 Horse Collar
23:51 Squires
23:53 Scale Mail Armor
26:10 Chemistry
25:17 Padded Archer Armor
25:11 Gold Mining
27:50 Forging
30:09 Wheelbarrow
32:35 Chain Mail Armor
35:20 Bow Saw
36:35 Hand Cart
37:43 Fletching
39:06 Bodkin Arrow
40:33 Bracer
41:32 Ballistics
41:03 Town Watch
42:17 Thumb Ring
43:27 Conscription
43:20 Scale Barding Armor
43:42 Elite Genoese Crossbowman
44:06 Light Cavalry
45:16 Bloodlines
46:16 Hussar
47:44 Plate Mail Armor
46:57 Pikeman
49:14 Iron Casting
48:57 Husbandry
Kellokz
0:58 Loom
12:22 Feudal Age
16:09 Castle Age
14:44 Double-Bit Axe
14:45 Horse Collar
18:38 Wheelbarrow
19:36 Bow Saw
22:42 Crossbowman
25:59 Hand Cart
26:17 Ballistics
25:49 Fletching
26:00 Padded Archer Armor
26:27 Bodkin Arrow
27:20 Thumb Ring
31:56 Imperial Age
32:08 Leather Archer Armor
32:43 Siege Engineers
33:42 Chemistry
32:47 Siege Engineers
32:25 Arbalester
34:04 Conscription
33:59 Bracer
37:44 Fortified Wall
40:52 Ring Archer Armor
50:06 Coinage
49:36 Caravan
49:27 Elite Skirmisher
Connection lost

Rejoining the realm…

Still unreachable

The connection could not be restored.

Session expired

The server has moved on; the page needs a fresh start.